 Dungeon Crawl Stone Soup version 0.29-a0-344-ge2f44be95a (webtiles) character file.

Game seed: 3264331540551548739

647 KateM the Chopper (level 7, -13/62 HPs)
             Began as a Minotaur Fighter on Apr 21, 2022.
             Mangled by a two-headed ogre
             ... wielding a +0 giant club
              (17 damage)
             ... on level 5 of the Dungeon.
             The game lasted 00:06:41 (4809 turns).

KateM the Chopper (Minotaur Fighter)                Turns: 4809, Time: 00:06:42

Health: -13/62     AC:  7    Str: 23    XL:     7   Next: 27%
Magic:  6/6        EV:  9    Int:  5    God:
Gold:   242        SH:  4    Dex:  9    Spells: 6/6 levels left

rFire   . . .      SeeInvis .   a - +0 war axe
rCold   . . .      Faith    +   c - +0 buckler
rNeg    . . .      Spirit   .   b - +0 scale mail
rPois   .          Reflect  .   (helmet restricted)
rElec   .          Harm     .   (no cloak)
rCorr   .          Rampage  .   (no gloves)
Will    .....                   (no boots)
Stlth   ..........              r - amulet of faith
HPRegen 0.20/turn               (no ring)
MPRegen 0.10/turn               (no ring)

@: mighty
A: horns 2, retaliatory headbutt
a: no special abilities


You were on level 5 of the Dungeon.
You visited 1 branch of the dungeon, and saw 5 of its levels.

You collected 242 gold pieces.

Inventory:

Hand Weapons
 a - a +0 war axe (weapon)
Armour
 b - a +0 scale mail (worn)
 c - a +0 buckler (worn)
Jewellery
 l - a ring of ice
 r - an amulet of faith (around neck)
 y - a +6 ring of intelligence
Wands
 z - a wand of flame (10)
Scrolls
 e - 3 scrolls of teleportation {unknown}
 f - a scroll of fear {unknown}
 i - 2 scrolls of fog {unknown}
 j - a scroll of magic mapping {unknown}
 k - 6 scrolls of identify {unknown}
 m - 2 scrolls of vulnerability {unknown}
 n - 5 scrolls of enchant weapon {unknown}
 o - a scroll of brand weapon {unknown}
 q - 2 scrolls of blinking {unknown}
 u - a scroll of amnesia {unknown}
 w - a scroll of holy word {unknown}
 x - 2 scrolls of noise {unknown}
Potions
 d - a potion of might
 h - a potion of curing
 p - a potion of degeneration {unknown}
 s - a potion of attraction {unknown}
 v - a potion of invisibility {unknown}


   Skills:
 + Level 5.9 Fighting
 * Level 7.1 Axes
 + Level 5.9 Armour
 - Level 3.6 Shields


You had 6 spell levels left.
You didn't know any spells.
Your spell library contained the following spells:

 Spells                   Type           Power      Damage    Failure   Level
 Animate Skeleton         Necr           0%         N/A       86%         1
 Apportation              Tloc           0%         N/A       86%         1
 Summon Small Mammal      Summ           0%         N/A       86%         1
 Ensorcelled Hibernation  Hex/Ice        0%         N/A       94%         2
 Passwall                 Tmut/Erth      0%         N/A       94%         2
 Gell's Gravitas          Tloc           0%         N/A       99%         3
 Lesser Beckoning         Tloc           0%         N/A       99%         3
 Ozocubu's Armour         Ice            0%         N/A       99%         3
 Swiftness                Air            0%         N/A       99%         3
 Teleport Other           Tloc           0%         N/A       99%         3
 Dispersal                Tloc           0%         N/A       100%        6
 Ozocubu's Refrigeration  Ice            0%         4d5       100%        7


Dungeon Overview and Level Annotations

Branches:
Dungeon (5/15)
 Temple: D:4-7

Altars:
Gozag
Nemelex Xobeh
Okawaru
Uskayaw
Vehumet
Yredelemnul

Shops:
D:1 !


Innate Abilities, Weirdness & Mutations

You have a pair of horns on your head.
You reflexively headbutt those who attack you in melee.


Message History

The two-headed ogre is caught in the net!
The two-headed ogre is moderately wounded.
The shadow imp barely misses you.
The two-headed ogre struggles against the net.
You slash the shadow imp!
You kill the shadow imp!
You feel yourself speed up.
You see here 15 stones.
There is a stone staircase leading up here.
You climb upwards.
There is a stone staircase leading down here.
You start resting.
Your extra speed is starting to run out.
You start resting.
You feel yourself slow down.
You start resting.
HP restored.
You start waiting.
Done waiting.
You can't go up here!
You climb downwards.
There is a stone staircase leading up here.
No target in view!
No target in view!
You feel very mighty all of a sudden.
You slash the two-headed ogre!
Your headbutt misses the two-headed ogre.
The two-headed ogre is lightly wounded.
The two-headed ogre hits you with a +0 giant club!!
The two-headed ogre misses you.
You closely miss the two-headed ogre. You headbutt the two-headed ogre!
The two-headed ogre is heavily wounded.
The two-headed ogre hits you with a +0 giant club!!
* * * LOW HITPOINT WARNING * * *
The two-headed ogre hits you with a +0 giant spiked club!
* * * LOW HITPOINT WARNING * * *
You hit the two-headed ogre.
The two-headed ogre is heavily wounded.
The two-headed ogre hits you with a +0 giant club!
You die...

#..##...##..#
#.##.....##.#
#..##...##..#
##..##.##..##
.#..###(.#.# ##
#..#.†#.## #...#.#.#
#. ######.####### #.
#......O@....####..
####.####........... #
#.####....#####..#####
#.....................
######.#..............
#.##.#########)##
#<##.# #.## #.##.#
######.## #.##.#
#.......#


You could see a two-headed ogre.

Vanquished Creatures
  A water moccasin (D:5)
  A centaur (D:3)
  A phantom (D:5)
  3 hounds
  An orc priest (D:4)
  A jelly (D:5)
  An iguana (D:4)
  An orc wizard (D:3)
  4 gnolls (D:4)
  4 adders
  A shadow imp (D:5)
  3 worms
  3 dart slugs
  9 orcs
  6 bats
  7 endoplasms
  6 giant cockroaches
  3 goblins
  9 hobgoblins
  5 jackals
  7 kobolds
  6 quokkas
  6 ball pythons
  3 frilled lizards
  3 rats
95 creatures vanquished.

Vanquished Creatures (others)
  3 plants (D:2)
  4 toadstools (D:1)
7 creatures vanquished.

Grand Total: 102 creatures vanquished

Notes
Turn   | Place    | Note
-------+----------+-------------------------------------------
     0 | D:1      | KateM the Minotaur Fighter began the quest for the Orb.
     0 | D:1      | Reached XP level 1. HP: 19/19 MP: 0/0
   127 | D:1      | Reached skill level 3 in Axes
   127 | D:1      | Reached XP level 2. HP: 27/27 MP: 1/1
   238 | D:1      | Found Ingylogh's Distillery.
   680 | D:2      | Reached XP level 3. HP: 33/33 MP: 2/2
   959 | D:2      | Found a faded altar of an unknown god.
  1632 | D:3      | Noticed a centaur
  1642 | D:3      | Killed a centaur
  1643 | D:3      | Reached skill level 4 in Axes
  1643 | D:3      | Reached XP level 4. HP: 17/41 MP: 3/3
  1840 | D:3      | Reached XP level 5. HP: 43/47 MP: 4/4
  2092 | D:3      | Reached skill level 5 in Axes
  2189 | D:3      | Found an opulent altar of Gozag.
  2643 | D:4      | Reached skill level 5 in Fighting
  2650 | D:4      | Reached skill level 5 in Armour
  2759 | D:4      | Found a hide-covered altar of Uskayaw.
  2759 | D:4      | Found an iron altar of Okawaru.
  2762 | D:4      | Reached XP level 6. HP: 12/56 MP: 5/5
  3150 | D:4      | Found a radiant altar of Vehumet.
  3198 | D:4      | Found a sparkling altar of Nemelex Xobeh.
  3198 | D:4      | Found a basalt altar of Yredelemnul.
  3289 | D:4      | Reached skill level 6 in Axes
  3688 | D:5      | Entered Level 5 of the Dungeon
  3706 | D:5      | Noticed a water moccasin
  3721 | D:5      | Killed a water moccasin
  3946 | D:5      | Reached XP level 7. HP: 22/62 MP: 6/6
  4163 | D:5      | Reached skill level 7 in Axes
  4411 | D:5      | Noticed a two-headed ogre
  4809 | D:5      | Mangled by a two-headed ogre

Illustrated notes

Levels and vault maps discovered:
D:1:      ldierk_water_garden, layout_rooms, serial_shops, nicolae_shop_crystal,
          amcnicky_mini_rare_corridor_liquid
D:2:      layout_loops_ring, ebering_ecumenical_altar_sacrificial, serial_bayou,
          serial_bayou_shore_b, serial_bayou_lake_a, serial_bayou_shore_a,
          serial_bayou_lagoon_a
D:3:      layout_basic, mainiacjoe_overflow_alcove_4, hangedman_glass_teeth
D:4:      layout_cave_pools, fiery_altar_vehumet, mainiacjoe_overflow_alcove_3,
          hangedman_abyss_or_decor_lesser_grid, grunt_ministairs_13
D:5:      minmay_diamond_boxcup, layout_loops_ring, nicolae_ru_awakened_eye

Skill      XL: |  1  2  3  4  5  6  7 |
---------------+----------------------+-----
Axes           | 3 4 5 6 7 |  7.1
Fighting       | 4 5 |  5.9
Armour         | 4 5 |  5.9
Shields        | |  3.6

Action                   |  1- 3 |  4- 6 |  7- 9 || total
-------------------------+-------+-------+-------++-------
Melee: War axe           |    81 |   132 |    22 ||   235
       Headbutt          |     5 |    10 |     7 ||    22
Throw: Throwing net      |       |       |     1 ||     1
  Use: Potion            |       |     2 |     2 ||     4
Armor: Scale mail        |    29 |    59 |     5 ||    93
Dodge: Dodged            |    43 |    45 |    10 ||    98
Block: Buckler           |    26 |    23 |     2 ||    51

Table legend: (Time is in decaauts)
 A = Elapsed time spent in this place.
 B = Non-inter-level travel time spent in this place.
 C = Inter-level travel time spent in this place.
 D = Time resting spent in this place.
 E = Time spent auto-exploring this place.
 F = Levels seen in this place.
 G = Mean time per level.
                   A        B        C        D        E       F      G
               +--------+--------+--------+--------+--------+-----+--------+
         Total |   4904 |   4904 |      0 |    871 |   3244 |   5 |  980.8 |
       Dungeon |   4904 |   4904 |      0 |    871 |   3244 |   5 |  980.8 |
               +--------+--------+--------+--------+--------+-----+--------+

Top non-repeatable levels by time:
     D:4: 1488 daAuts
     D:2: 1071 daAuts
     D:3: 992 daAuts
     D:5: 748 daAuts
     D:1: 603 daAuts
